[Event "Late-Titled-Tuesday-Blitz-February-13-2024"]
[Site "Chess.com"]
[Date "2024.02.13"]
[Round "5"]
[White "Defenstrator"]
[Black "zverr1"]
[Result "0-1"]
[WhiteElo "2369"]
[BlackElo "2562"]
[TimeControl "180+1"]
[EndTime "14:55:53 PST"]
[Termination "zverr1 won on time"]

1. e4 c5 2. Ne2 Nc6 3. Ng3 g6 4.
Be2 Bg7 5. O-O e6 6. d3 Nge7 7. f4 d6 8. Nd2 O-O 9. Bg4 f5 10.
exf5 gxf5 11. Bf3 e5 12. fxe5 dxe5 13. Nc4 Be6 14. Nh5 Bh8 15. Bh6 Rf7 16. Qc1 Ng6 17. Bxc6 bxc6 18. Qe3 Qh4 19. Qe2 e4 20. g3 Qh3 21.
Nf4 Qxh6 22. Nxe6 Re8 23. Nf4 Rfe7 24. c3 Ne5 25. dxe4 fxe4 26. Qxe4 Ng4 27. Qg2 Ne3 28. Qf3 Nxc4 29. Rad1 Ne3 30. Rfe1 Nxd1 31. Qg4+ Qg7 0-1

[Event "Late-Titled-Tuesday-Blitz-February-13-2024"]
[Site "Chess.com"]
[Date "2024.02.13"]
[Round "5"]
[White "YellowJacek"]
[Black "Felix-Rose"]
[Result "1-0"]
[WhiteElo "2391"]
[BlackElo "2232"]
[TimeControl "180+1"]
[EndTime "14:55:53 PST"]
[Termination "YellowJacek won on time"]

1. e4 e5 2. Nf3 Nc6 3. Bb5 a6 4. Ba4 Nf6 5. O-O b5 6. Bb3 Bc5 7. c3 d6 8. d4 Bb6 9. a4 Rb8 10.
axb5 axb5 11. h3 O-O 12. Be3 Bb7 13. Nbd2 exd4 14. cxd4 h6 15. Re1 Re8 16. d5 Na5 17. Bxb6 cxb6 18. Bc2 Nc4 19. b3 Nxd2 20. Qxd2 Ra8 21.
Rxa8 Qxa8 22. Bd3 Qa6 23. Qb4 Rd8 24. Bxb5 Qa2 25. Bc6 Qa6 26. Bxb7 Qxb7 27. Nd4 Qa7 28. Nc6 Qa8 29. Nxd8 Qxd8 30. e5 dxe5 31. Rxe5 Kh7 32. d6 g6 33. Qd4 Ne8 34. Rxe8 Qxe8 35. d7 Qd8 36. b4 h5 37. h4 Kg8 38. Qd6 Kh7 39.
g3 Kg7 40. b5 Kh7 41. Kf1 Kg7 42. Ke2 Kh7 43. Kd3 Kg7 44. Kd4 Kh7 45. Kd5 Kg7 46. Qc6 1-0

[Event "Late-Titled-Tuesday-Blitz-February-13-2024"]
[Site "Chess.com"]
[Date "2024.02.13"]
[Round "5"]
[White "dretch"]
[Black "LiemLe"]
[Result "1-0"]
[WhiteElo "2890"]
[BlackElo "3020"]
[TimeControl "180+1"]
[EndTime "14:55:54 PST"]
[Termination "dretch won on time"]

1. d4 Nf6 2. c4 e6 3. Nc3 d5 4. cxd5 exd5 5. Bg5 Bb4 6. e3 h6 7. Bxf6 Qxf6 8. a3 Bxc3+ 9. bxc3 O-O 10. Bd3 Be6 11.
Qf3 Nd7 12. Ne2 c5 13. Nf4 Rfc8 14. O-O Nb6 15. a4 cxd4 16. cxd4 Nc4 17. Rfc1 Rc7 18. Qh5 g5 19. Nxe6 fxe6 20. Ra2 Rac8 21. Rac2 a6 22.
e4 Qxd4 23. Qg6+ Kf8 24. exd5 exd5 25. Qxh6+ Qg7 26. Qh3 b5 27. Qf5+ Qf7 28. axb5 axb5 29. Qxg5 b4 30. Rb1 Na3 31. Rxc7 Qxc7 32. Qf5+ Kg8 33. Qg4+ Kf8 34. Qf5+ Kg7 35. Rxb4 Nc4 36. g3 Re8 37. Qh7+ 1-0

[Event "Late-Titled-Tuesday-Blitz-February-13-2024"]
[Site "Chess.com"]
[Date "2024.02.13"]
[Round "5"]
[White "DuleMudule"]
[Black "legendisback1"]
[Result "1-0"]
[WhiteElo "2871"]
[BlackElo "2986"]
[TimeControl "180+1"]
[EndTime "14:55:55 PST"]
[Termination "DuleMudule won on time"]

1. d4 d6 2. e4 g6 3. Nc3 Nd7 4. Be3 Bg7 5. Qd2 c5 6. O-O-O cxd4 7. Bxd4 Ngf6 8. h4 h5 9. Nh3 O-O 10. Ng5 a6 11. f3 b5 12. g4 hxg4 13. h5 gxh5 14.
fxg4 Bh6 15. gxh5 b4 16. Rg1 bxc3 17. Nxf7+ Kxf7 18. Qxh6 Rg8 19. Bc4+ e6 20. Rg6 cxb2+ 21. Kb1 Qf8 22. Qf4 Rxg6 23. hxg6+ Ke7 24. e5 dxe5 25. Bxe5 Nxe5 26. Qxe5 Nd7 27. Qxe6+ Kd8 28. Rf1 Qh6 29. Qg4 Qg7 30. Rf7 Qh6 31. Rf1 Qg7 32. Qh4+ Kc7 33. Qg3+ Qe5 34. Qxe5+ Nxe5 35. g7 Nxc4 36. Rf7+ Bd7 37.
Rf8 1-0

[Event "Late-Titled-Tuesday-Blitz-February-13-2024"]
[Site "Chess.com"]
[Date "2024.02.13"]
[Round "5"]
[White "Boninknights"]
[Black "Doudou2015"]
[Result "1-0"]
[WhiteElo "2369"]
[BlackElo "2192"]
[TimeControl "180+1"]
[EndTime "14:55:55 PST"]
[Termination "Boninknights won by resignation"]

1. d4 d5 2. Nf3 e6 3. c4 Nf6 4. Nc3 c6 5. e3 Bd6 6. Qc2 Qe7 7. a3 Nbd7 8. h3 O-O 9. Bd3 dxc4 10.
Bxc4 b5 11. Bd3 a6 12. e4 Bc7 13. e5 Nd5 14. Nxd5 exd5 15. Bxh7+ Kh8 16. Qxc6 Ra7 17. Bb1 Nxe5 18. dxe5 Bxe5 19. O-O Bf6 20. Qxd5 g6 21. Bg5 Rd7 22. Bxf6+ Qxf6 23. Qe5 Kg7 24. Ba2 Bb7 25. Rad1 Rxd1 26. Rxd1 Bxf3 27. Qxf6+ Kxf6 28. gxf3 Rc8 29. Rd7 Rc1+ 30. Kg2 Rc2 31. Bxf7 Ke5 32. Bxg6 Rxb2 33.
Ra7 b4 34. axb4 Rxb4 35. Rxa6 Kf4 36. h4 Rd4 37. Ra5 Rd5 38. Ra4+ Ke5 39. h5 Kf6 40. Rg4 Rd8 41. h6 Rh8 42. h7 Kg7 43. Be4+ Kh6 44. Rg8 Kh5 45. Rxh8 Kg5 46. Rg8+ Kf6 47. h8=Q+ Ke6 48.
Qg7 1-0

[Event "Late-Titled-Tuesday-Blitz-February-13-2024"]
[Site "Chess.com"]
[Date "2024.02.13"]
[Round "5"]
[White "Lucas_Tomiello"]
[Black "sharkarton"]
[Result "1/2-1/2"]
[WhiteElo "2685"]
[BlackElo "2518"]
[TimeControl "180+1"]
[EndTime "14:55:57 PST"]
[Termination "Game drawn by repetition"]

1. e4 c5 2. Nf3 e6 3. Nc3 Nc6 4.
Bb5 Nd4 5. Nxd4 cxd4 6. Ne2 Qg5 7. Bc4 Qxg2 8. Ng3 Qh3 9. d3 Nf6 10. Bd2 Be7 11. Qe2 a6 12. e5 Ng4 13. f3 Nh6 14. O-O-O b5 15. Bb3 a5 16. a4 Bb7 17. Rhg1 g6 18. Ne4 Nf5 19. Kb1 Bc6 20. axb5 Bxb5 21.
Bg5 Bxg5 22. Rxg5 a4 23. Bc4 Bxc4 24. dxc4 O-O 25. Nf6+ Kh8 26. Nxd7 Rfd8 27. Nb6 Ra6 28. c5 Ra5 29. Qc4 Ne3 30. Qb4 Rxc5 31. Rxd4 Qf1+ 32. Ka2 Rxd4 33. Qxd4 Qb5 34. Qd8+ Kg7 35. Qf6+ Kg8 36. Qd8+ Kg7 37. Qf6+ Kg8 38. Qd8+ Kg7 1/2-1/2

[Event "Late-Titled-Tuesday-Blitz-February-13-2024"]
[Site "Chess.com"]
[Date "2024.02.13"]
[Round "5"]
[White "Dewarfd"]
[Black "SouS007"]
[Result "0-1"]
[WhiteElo "2164"]
[BlackElo "2485"]
[TimeControl "180+1"]
[EndTime "14:55:57 PST"]
[Termination "SouS007 won by resignation"]

1. d4 Nf6 2. e3 d5 3. Nf3 c5 4. dxc5 e6 5. c4 Bxc5 6. cxd5 exd5 7. Be2 O-O 8. O-O Nc6 9. a3 Re8 10. b4 Bb6 11. Bb2 Ne4 12. Nc3 Be6 13. Nxe4 dxe4 14.
Qxd8 Raxd8 15. Nd4 Nxd4 16. exd4 Bxd4 17. Bxd4 Rxd4 18. Rfd1 Red8 19. Kf1 f5 20. Ke1 Rxd1+ 21. Rxd1 Rxd1+ 22. Kxd1 Kf7 23. Kd2 f4 24. g3 g5 25.
Kc3 Bf5 26. Kd4 Ke6 27. Bc4+ Kd6 28. Bf7 b6 29. b5 e3 30. fxe3 f3 31. Bc4 Bh3 32.
e4 f2 33. e5+ Ke7 34. Ke4 f1=Q 35. Bxf1 Bxf1 36. Kf5 Bxb5 37. Kxg5 Ke6 38. Kh6 Bd3 39. h4 b5 40. g4 a5 41. g5 b4 42. h5 bxa3 43. Kg7 a2 44. g6 Bxg6 45. hxg6 hxg6 46. Kxg6 a1=Q 0-1

[Event "Late-Titled-Tuesday-Blitz-February-13-2024"]
[Site "Chess.com"]
[Date "2024.02.13"]
[Round "5"]
[White "VladimirBugayev"]
[Black "Chemim21"]
[Result "1-0"]
[WhiteElo "2397"]
[BlackElo "2233"]
[TimeControl "180+1"]
[EndTime "14:55:57 PST"]
[Termination "VladimirBugayev won on time"]

1. e4 e6 2. d4 d5 3. Bd3 c5 4.
exd5 Qxd5 5. Nc3 Qxd4 6. Nb5 Qd8 7. Bf4 Na6 8. Qe2 Be7 9. O-O-O Qb6 10. Bc4 Nf6 11. Bd6 Bd7 12. Bxe7 Bxb5 13. Bxf6 Bxc4 14. Qxc4 gxf6 15. Qh4 Ke7 16. Nf3 Qb4 17. Qh6 Qg4 18.
Qe3 Rhd8 19. g3 Rxd1+ 20. Rxd1 Rd8 21. Re1 Qc4 22. b3 Qb4 23. Kb2 c4 24. c3 Qc5 25. b4 Qxe3 26. Rxe3 b5 27. Nd4 Nc7 28. Nc6+ Kd7 29. Nxd8 Kxd8 30. Re4 Nd5 31. Rh4 Nb6 32. Rxh7 Na4+ 33. Kc2 Ke7 34. h4 f5 35. Rh8 Nb6 36. Rb8 e5 37. Rb7+ Kf6 38. Rxa7 Nd5 39. Ra5 Nc7 40. Ra7 Nd5 41. Rb7 f4 42. Rxb5 Ne7 43. g4 e4 44. Kd2 Ng6 45. h5 Nh4 46. g5+ Kg7 47. Ke2 e3 48. fxe3 f3+ 49. Kf2 1-0

[Event "Late-Titled-Tuesday-Blitz-February-13-2024"]
[Site "Chess.com"]
[Date "2024.02.13"]
[Round "5"]
[White "VladimirKramnik"]
[Black "FabianoCaruana"]
[Result "0-1"]
[WhiteElo "2938"]
[BlackElo "3070"]
[TimeControl "180+1"]
[EndTime "14:55:58 PST"]
[Termination "FabianoCaruana won on time"]

1. e4 e5 2. Nf3 Nc6 3. Bc4 Nf6 4.
d3 Be7 5. O-O O-O 6. Re1 d6 7.
a4 Be6 8. Nbd2 Bxc4 9. Nxc4 h6 10. c3 Re8 11. b4 a5 12. b5 Nb8 13. d4 exd4 14.
cxd4 d5 15. exd5 Nxd5 16. Bd2 Bb4 17. Qb3 c6 18. Rxe8+ Qxe8 19. Re1 Qd8 20. Bxb4 axb4 21. Nce5 cxb5 22. axb5 Ra3 23. Qc2 Nd7 24. Qf5 N7f6 25. Nxf7 Kxf7 26. Ne5+ Kf8 27. h4 Ne7 28. Qe6 Qd5 29.
Qb6 Ra8 30. h5 b3 31. Qc7 b2 32. Ng6+ Nxg6 33. hxg6 Kg8 34. g3 Kh8 0-1

[Event "Late-Titled-Tuesday-Blitz-February-13-2024"]
[Site "Chess.com"]
[Date "2024.02.13"]
[Round "5"]
[White "albi1999"]
[Black "cthulhuuu"]
[Result "0-1"]
[WhiteElo "2586"]
[BlackElo "2471"]
[TimeControl "180+1"]
[EndTime "14:55:58 PST"]
[Termination "cthulhuuu won by resignation"]

1. Nf3 Nf6 2. b3 g6 3. Bb2 Bg7 4. c4 O-O 5. e3 d6 6. d4 Nbd7 7.
Nc3 Re8 8. Qc2 e5 9. dxe5 dxe5 10. Rd1 Qe7 11. Nb5 e4 12. Nfd4 Ne5 13. Ba3 c5 14. Nc3 cxd4 15. Bxe7 d3 16. Qb2 Rxe7 17. Qa3 Re8 18.
Nb5 Bf8 19. Qa5 b6 20. Qa4 Bd7 21. Qa6 Bb4+ 22. Rd2 Bxb5 23. Qxb5 Bxd2+ 24. Kxd2 Nfg4 25. h3 Nxf2 26. Rh2 f5 27. Ke1 d2+ 28. Kxd2 Rad8+ 29. Kc2 Nfd3 30. Be2 Ne1+ 31. Kc3 N1d3 32. Rh1 f4 33. exf4 Nxf4 34. Re1 Nxg2 35. Rd1 Nf4 36. Rxd8 Nxe2+ 37.
Kd2 Rxd8+ 38. Kxe2 Nf3 39. Qc6 Nd4+ 40. Ke3 Nxc6 41. Kxe4 Re8+ 0-1

[Event "Late-Titled-Tuesday-Blitz-February-13-2024"]
[Site "Chess.com"]
[Date "2024.02.13"]
[Round "5"]
[White "TheMagician"]
[Black "IMRosen"]
[Result "0-1"]
[WhiteElo "2226"]
[BlackElo "2632"]
[TimeControl "180+1"]
[EndTime "14:56:00 PST"]
[Termination "IMRosen won on time"]

1. d4 d5 2. c4 e6 3. Nc3 Nf6 4.
Bg5 c6 5. e3 Nbd7 6. Qc2 Qa5 7.
Bxf6 Nxf6 8. Bd3 dxc4 9. Bxc4 c5 10. Bb5+ Bd7 11. Bxd7+ Nxd7 12. Nf3 cxd4 13. Nxd4 Be7 14. O-O O-O 15. Qe4 Rab8 16. a3 Nf6 17. Qf3 a6 18. Rfc1 Qe5 19. h3 Bd6 20. g3 h5 21.
Qg2 Rbc8 22. Rd1 Rfd8 23. Rd2 Bc5 24. Rad1 Qc7 25. Nde2 Rxd2 26. Rxd2 b5 27. Ne4 Be7 28. Nxf6+ Bxf6 29. Qe4 Qa5 30. Rc2 Qe1+ 31. Kg2 Rd8 32. Nf4 Rd1 33. Rc8+ Bd8 34. Rxd8+ Rxd8 35. Nxh5 Rd1 36.
Qa8+ Kh7 37. Qe4+ f5 38. Nf6+ gxf6 39. Qh4+ Kg7 0-1

[Event "Late-Titled-Tuesday-Blitz-February-13-2024"]
[Site "Chess.com"]
[Date "2024.02.13"]
[Round "5"]
[White "Zavgorodniy_Sergiy"]
[Black "Kombinator01"]
[Result "1-0"]
[WhiteElo "2657"]
[BlackElo "2487"]
[TimeControl "180+1"]
[EndTime "14:56:00 PST"]
[Termination "Zavgorodniy_Sergiy won by resignation"]

1. d4 Nf6 2. c4 e6 3. Nf3 b6 4.
g3 Ba6 5. Nbd2 d5 6. Qc2 Be7 7. Bg2 O-O 8. O-O Nbd7 9. b3 c5 10. Bb2 Rc8 11. dxc5 Nxc5 12. Rfd1 Qc7 13. Rac1 Rfd8 14. Qb1 dxc4 15. Nxc4 Rxd1+ 16. Rxd1 Bxc4 17. bxc4 Na4 18. Rc1 Nxb2 19. Qxb2 a6 20. e3 b5 21. Nd2 b4 22. Ne4 Nxe4 23. Bxe4 Qc5 24. Qb3 a5 25.
Qa4 g6 26. h4 h5 27. Kg2 Qe5 28. Bf3 Kg7 29. Rc2 Rc7 30. Qe8 Qc5 31. Qa4 Qb6 32. Be2 Rc5 33. Rd2 Qc6+ 34. Qxc6 Rxc6 35. Rd7 Kf6 36.
Ra7 Rc5 37. Bd3 Bd6 38. Kf3 Bc7 39. Ke2 g5 40. hxg5+ Kxg5 41. Ra8 f5 42. Kf3 e5 43.
Rg8+ Kh6 44. Bxf5 Rxc4 45. e4 Rc3+ 46. Kg2 a4 47. Rg6+ Kh7 48. Ra6+ Kg7 49. Rxa4 Bd6 50. Ra7+ Kf8 51. Rh7 Rc2 52. Be6 Bc5 53. Rf7+ Ke8 54. Bd5 Bd4 55. Rf5 Ke7 56. Bb3 Kd6 57. Bxc2 1-0

[Event "Late-Titled-Tuesday-Blitz-February-13-2024"]
[Site "Chess.com"]
[Date "2024.02.13"]
[Round "5"]
[White "HamedWafa4"]
[Black "sansanathalia"]
[Result "1-0"]
[WhiteElo "2717"]
[BlackElo "2380"]
[TimeControl "180+1"]
[EndTime "14:56:00 PST"]
[Termination "HamedWafa4 won on time"]

1. e4 c5 2. Nf3 d6 3. Bb5+ Bd7 4. Bxd7+ Qxd7 5. O-O Nf6 6. d4 cxd4 7. Qxd4 Nc6 8. Qd3 e6 9. b3 Be7 10. Bb2 O-O 11. c4 Rfd8 12. Nc3 a6 13. Rfd1 Qc7 14. h3 Ne5 15. Qe2 Rd7 16. Nxe5 dxe5 17. Rxd7 Nxd7 18.
Rd1 Rd8 19. Na4 Bf6 20. Ba3 Nb6 21. Rxd8+ Qxd8 22. Nxb6 Qxb6 23. Qd3 h6 24. b4 Qc6 25.
g3 Qa4 26. Kg2 Kh7 27. Qb3 Qc6 28. Kf3 Qd7 29. Qc2 g6 30. Bb2 Kg7 31. a4 Qc6 32. c5 g5 33. Kg2 h5 34. Bc1 Qd7 35. Be3 Kg6 36. Qb3 Qc6 37. Qc2 Qd7 38. b5 axb5 39. c6 bxc6 40. a5 Qb7 41. Bc5 b4 42. Qc4 b3 43. a6 Qa8 44. a7 b2 45. Qb3 Kg7 46.
Qxb2 g4 47. hxg4 1-0

[Event "Late-Titled-Tuesday-Blitz-February-13-2024"]
[Site "Chess.com"]
[Date "2024.02.13"]
[Round "5"]
[White "Kostya26"]
[Black "arenal72"]
[Result "1-0"]
[WhiteElo "2466"]
[BlackElo "2574"]
[TimeControl "180+1"]
[EndTime "14:56:01 PST"]
[Termination "Kostya26 won on time"]

1. d4 d6 2. Nf3 Nf6 3. Bg5 g6 4. Nbd2 Bg7 5. e4 O-O 6. Bc4 a6 7. e5 dxe5 8. dxe5 Ng4 9. Qe2 b5 10. Bb3 c5 11. h3 Nh6 12. c3 Nc6 13. O-O Qc7 14. Rfe1 c4 15. Bc2 Be6 16. Rad1 Rad8 17. Qe3 Nf5 18. Qc5 h6 19. g4 Rd5 20. Qa3 hxg5 21.
gxf5 Bxf5 22. Bxf5 gxf5 23. Nxg5 Rxe5 24. Qxa6 Rxe1+ 25.
Rxe1 Rd8 26. Ngf3 Rd5 27. Qa8+ Kh7 28. Qe8 e6 29. Ng5+ Kg6 30. Nxe6 Qd7 31. Nf4+ Kh7 32. Nxd5 Qxd5 33. Qe2 Bh6 34. Nf3 Kg7 35. Rd1 Qc5 36. Nd4 Kf6 37. Qf3 1-0

[Event "Late-Titled-Tuesday-Blitz-February-13-2024"]
[Site "Chess.com"]
[Date "2024.02.13"]
[Round "5"]
[White "deepfear"]
[Black "egnfanclub"]
[Result "0-1"]
[WhiteElo "1977"]
[BlackElo "2340"]
[TimeControl "180+1"]
[EndTime "14:56:01 PST"]
[Termination "egnfanclub won on time"]

1. e4 e5 2. Nf3 Nc6 3. d4 exd4 4.
Nxd4 Bc5 5. Nb3 Bb6 6. Qe2 Nge7 7. Nc3 O-O 8. Bg5 f6 9. Bh4 d6 10. O-O-O Qe8 11. Qc4+ Kh8 12. Bg3 a5 13. a4 Ne5 14.
Bxe5 fxe5 15. f3 Nc6 16. Qb5 Bd7 17. Qe2 Nd4 18. Nxd4 Bxd4 19. Nb5 Bb6 20. b3 Qg6 21. h4 h5 22. Qc4 Be6 23. Qd3 Rac8 24. Qd2 Rfd8 25.
Qg5 Qxg5+ 26. hxg5 g6 27. g4 Bf7 28. gxh5 gxh5 29.
Bh3 Rb8 30. Bg4 Be3+ 31. Kb1 Bxg5 32. Bxh5 Kg7 33. Rdg1 Rh8 34. Rxg5+ Kf6 35. Rf5+ Ke7 36. Rxf7+ Kd8 37. Rxc7 Rc8 38. Rg7 Rc6 39. Rgg1 d5 40. Bg4 Rch6 41. Rxh6 Rxh6 42. Bf5 d4 43. Rg8+ Ke7 44.
Rg7+ Kf6 45. Rxb7 Rh1+ 46. Kb2 Kg5 47. Bg4 Kf4 0-1

[Event "Late-Titled-Tuesday-Blitz-February-13-2024"]
[Site "Chess.com"]
[Date "2024.02.13"]
[Round "5"]
[White "DonJuan_34"]
[Black "ProfessorChess101"]
[Result "0-1"]
[WhiteElo "2493"]
[BlackElo "2792"]
[TimeControl "180+1"]
[EndTime "14:56:02 PST"]
[Termination "ProfessorChess101 won by resignation"]

1. d4 Nf6 2. c4 e6 3. Nc3 Bb4 4. Nf3 d5 5. cxd5 exd5 6. Bg5 O-O 7.
e3 h6 8. Bh4 Bg4 9. Be2 Nbd7 10.
O-O c6 11. h3 Bh5 12. Ne5 Bxe2 13. Qxe2 Qc7 14. Nxd7 Nxd7 15. Bg3 Bd6 16. Bxd6 Qxd6 17.
a3 a5 18. Qc2 Rfe8 19. Rab1 g6 20. b4 axb4 21. axb4 b5 22. Rfd1 Nb6 23. e4 dxe4 24. Nxe4 Qf4 25. Re1 Nc4 26. Rbd1 Rad8 27. g3 Qf3 28.
Qe2 Qxe2 29. Rxe2 Kg7 30. Nc3 Rxe2 31. Nxe2 Nb6 32. Nc3 Ra8 33. d5 Ra3 34. Ne4 Nxd5 35. Nd6 Nxb4 36. Rb1 Nd5 37. Nxb5 cxb5 38. Rxb5 Nc3 39.
Rb2 Ra2 40. Rb3 Ne4 41. Rf3 Ng5 42. Re3 Nxh3+ 43. Kg2 Ng5 44. Re5 Ne6 45. g4 Nf4+ 46. Kg3 Rxf2 0-1

[Event "Late-Titled-Tuesday-Blitz-February-13-2024"]
[Site "Chess.com"]
[Date "2024.02.13"]
[Round "5"]
[White "krzyzan94"]
[Black "mightysmasher"]
[Result "1-0"]
[WhiteElo "2789"]
[BlackElo "2549"]
[TimeControl "180+1"]
[EndTime "14:56:03 PST"]
[Termination "krzyzan94 won by checkmate"]

1. e4 e6 2. d4 d5 3. Nc3 dxe4 4. Nxe4 Nd7 5. Nf3 Ngf6 6. Bd3 c5 7. O-O Nxe4 8. Bxe4 Nf6 9. Bd3 cxd4 10. Nxd4 Bc5 11.
Nf3 O-O 12. Qe2 b6 13. Bg5 Bb7 14. Rad1 Qc7 15. h3 Kh8 16. Bxf6 gxf6 17. Be4 Rg8 18. Kh1 Rg7 19. c3 Rag8 20. Bxb7 Qxb7 21. Rg1 a5 22.
Rd3 f5 23. g3 Qe4 24. Rd2 Qc6 25. Kh2 f4 26. g4 f5 27. g5 Qe4 28. Re1 Qxe2 29. Rexe2 Rg6 30. Ne5 R6g7 31. h4 a4 32. Nf3 h6 33. Rxe6 hxg5 34. hxg5 Rh7+ 35. Kg2 Be7 36. g6 Bc5 37. Ne5 Rh5 38. Kf3 Rh3+ 39. Kxf4 Kg7 40. Rd7+ Kh8 41. Nf7+ Kg7 42. Nh6+ Be7 43.
Rdxe7+ Kxh6 44. Rh7# 1-0

[Event "Late-Titled-Tuesday-Blitz-February-13-2024"]
[Site "Chess.com"]
[Date "2024.02.13"]
[Round "5"]
[White "MyDream003"]
[Black "Polish_fighter3000"]
[Result "0-1"]
[WhiteElo "2748"]
[BlackElo "3068"]
[TimeControl "180+1"]
[EndTime "14:56:04 PST"]
[Termination "Polish_fighter3000 won by resignation"]

1. d4 g6 2. c4 Bg7 3. Nf3 d6 4. Nc3 c5 5. dxc5 Bxc3+ 6. bxc3 dxc5 7. Qc2 Nc6 8. e4 Nf6 9. Bh6 Ng4 10. Bf4 h6 11.
Be2 g5 12. Bg3 Nf6 13. Ne5 Nxe5 14. Bxe5 Qb6 15. O-O Qe6 16. f4 Bd7 17. Bf3 Bc6 18. Bxf6 exf6 19. e5 Bxf3 20. Rxf3 O-O-O 21. exf6 g4 22. Rf2 Rhe8 23. Rd1 Qxf6 24. Rxd8+ Rxd8 25. g3 Qe6 26. Re2 Qxc4 27. Qf5+ Kb8 28. Qe5+ Ka8 29. Qd6 Rb8 30.
Re3 h5 31. a3 a6 32. Qb6 Qd5 33. Kf2 Qd2+ 34. Re2 Qxc3 35. Re5 h4 36. Rxc5 hxg3+ 37. hxg3 Qf3+ 38. Ke1 Qxg3+ 39. Kd1 Qxf4 40. Kc2 Qf2+ 41. Kb3 g3 42. Ka4 g2 43. Rb5 axb5+ 44. Ka5 Qxb6+ 0-1

[Event "Late-Titled-Tuesday-Blitz-February-13-2024"]
[Site "Chess.com"]
[Date "2024.02.13"]
[Round "5"]
[White "SchmakAttack"]
[Black "LastHeroJr"]
[Result "1-0"]
[WhiteElo "2796"]
[BlackElo "2499"]
[TimeControl "180+1"]
[EndTime "14:56:04 PST"]
[Termination "SchmakAttack won by resignation"]

1. d4 d5 2. Nf3 c6 3. c4 Nf6 4.
Nc3 e6 5. Bg5 Be7 6. e3 O-O 7. Qc2 Nbd7 8. Rc1 b6 9. Bd3 Bb7 10.
cxd5 exd5 11. Ne5 h6 12. Bf4 Nxe5 13. Bxe5 Bd6 14. Bxd6 Qxd6 15. O-O Rfe8 16. a3 Ng4 17. g3 Re7 18. b4 Rae8 19. Bh7+ Kh8 20. Bf5 Nf6 21. Rfe1 h5 22. Bh3 g6 23. Qb2 h4 24.
a4 hxg3 25. hxg3 Kg7 26. b5 c5 27. dxc5 bxc5 28. Bg2 d4 29. Qd2 Bxg2 30. Kxg2 Ne4 31. Nxe4 Rxe4 32. exd4 Rxd4 33. Qxd4+ cxd4 34. Rxe8 d3 35. Rd1 Qd5+ 36. Kg1 Qb3 37. Ree1 Qxa4 38. Rxd3 Qxb5 39. Ra3 a5 40. Rea1 a4 41. Rxa4 Qd5 42. Rf4 Qc5 43. Rb1 Qd5 44. Re1 Qc5 45. Re3 Qc1+ 46.
Kg2 Qc6+ 47. Kh2 Qd5 48. Re7 Qh5+ 49. Kg2 Qd5+ 50. Kg1 Qd1+ 51. Kh2 Qh5+ 52. Kg2 Qd5+ 53. f3 Qa2+ 54. Kh3 Qd5 55. Rfxf7+ Qxf7 56. Rxf7+ Kxf7 57. Kg4 Kf6 58. f4 Kf7 59. Kg5 Kg7 60. f5 gxf5 61.
Kxf5 Kf7 62. g4 Kg7 63. Kg5 Kh7 64. Kf6 Kg8 65. Kg6 Kh8 66. g5 Kg8 67. Kh6 Kh8 68. g6 Kg8 69. g7 1-0

[Event "Late-Titled-Tuesday-Blitz-February-13-2024"]
[Site "Chess.com"]
[Date "2024.02.13"]
[Round "5"]
[White "Mikhail_Golubev"]
[Black "mitrabhaa"]
[Result "0-1"]
[WhiteElo "2685"]
[BlackElo "2896"]
[TimeControl "180+1"]
[EndTime "14:56:05 PST"]
[Termination "mitrabhaa won on time"]

1. e4 c6 2. Nf3 d5 3. d3 Nd7 4.
Nbd2 e5 5. d4 exd4 6. exd5 c5 7.
c3 dxc3 8. bxc3 Ngf6 9. c4 Bd6 10. Bd3 O-O 11. O-O Re8 12. Bb2 b6 13. Qc2 h6 14. a4 Qc7 15. a5 bxa5 16. Bc3 Rb8 17.
Bxa5 Nb6 18. Bc3 Nbd7 19. Qa2 a6 20. Ba5 Qa7 21. Rfe1 Bb7 22. Bc3 Rxe1+ 23. Rxe1 Re8 24. Rxe8+ Nxe8 25. Ne4 Bf8 26. Ng3 Bc8 27. h4 Ndf6 28.
Ne4 Nxe4 29. Bxe4 Qb8 30. Bb1 Qf4 31. Qc2 g6 32. Be5 Qg4 33. Qa4 Qd7 34. Qa1 Qg4 35.
Bd3 Qd7 36. Bb2 Qg4 37. Qa3 Bf5 38. Bxf5 Qxf5 39. Qa1 Qd3 40. Qc1 Nd6 41. Ne5 Qe4 42. Qc3 Bg7 0-1

[Event "Late-Titled-Tuesday-Blitz-February-13-2024"]
[Site "Chess.com"]
[Date "2024.02.13"]
[Round "5"]
[White "ErikRonka"]
[Black "GMKrikor"]
[Result "0-1"]
[WhiteElo "2569"]
[BlackElo "2843"]
[TimeControl "180+1"]
[EndTime "14:56:05 PST"]
[Termination "GMKrikor won by resignation"]

1. e4 c5 2. Nf3 Nc6 3. d4 cxd4 4. Nxd4 Nf6 5. Nc3 e5 6. Ndb5 d6 7. Bg5 a6 8. Na3 b5 9. Bxf6 gxf6 10. Nd5 Bg7 11. Bd3 Ne7 12. Nxe7 Qxe7 13. O-O O-O 14. c4 f5 15. Qh5 d5 16. cxd5 Rb8 17. Rae1 fxe4 18.
Bxe4 f5 19. Bc2 e4 20. Bb3 Kh8 21. Kh1 Bxb2 22. Nc2 Bd7 23. f3 Bc3 24. Re2 Rbe8 25. Rd1 Qd6 26. fxe4 fxe4 27. h3 a5 28. a3 a4 29. Ba2 Re5 30. Qh4 Ref5 31. Ne3 Rf4 32. Qg5 Bf6 33. Qh6 Be5 34. Qh5 Be8 35. Qg5 h6 36.
Qg3 Rf1+ 37. Nxf1 Bxg3 38. Nxg3 Qxg3 39. Rxe4 Bh5 40. Rde1 Rf2 41. Rg1 Rxa2 42. d6 Qxd6 0-1

[Event "Late-Titled-Tuesday-Blitz-February-13-2024"]
[Site "Chess.com"]
[Date "2024.02.13"]
[Round "5"]
[White "dennisodessa"]
[Black "Flaccidmoves"]
[Result "1/2-1/2"]
[WhiteElo "2579"]
[BlackElo "2427"]
[TimeControl "180+1"]
[EndTime "14:56:05 PST"]
[Termination "Game drawn by repetition"]

1. d4 Nf6 2. c4 e6 3. Nc3 Bb4 4.
Qc2 d5 5. a3 Bxc3+ 6. Qxc3 c5 7. dxc5 d4 8. Qc2 a5 9. Nf3 Nc6 10. Bg5 Qe7 11. e3 Qxc5 12. Be2 dxe3 13. Bxe3 Qe7 14. b3 O-O 15. O-O e5 16. Qb2 Bg4 17. b4 axb4 18. axb4 e4 19. Bc5 Qc7 20. Nd4 Nxd4 21.
Bxd4 Bxe2 22. Qxe2 Rxa1 23. Rxa1 Re8 24. Re1 Qf4 25. g3 Qf5 26. Qe3 Ng4 27. Qc3 Qh5 28. h4 Qg6 29. f3 Nf6 30. Kf2 h5 31. Bxf6 gxf6 32. fxe4 Rxe4 33. Rxe4 Qxe4 34. c5 Qf5+ 35.
Ke2 Qe4+ 36. Kd2 Qd5+ 37. Kc2 Qa2+ 38. Kc1 Qe2 39. Qxf6 Qc4+ 40. Kd1 Qd3+ 41. Kc1 Qc4+ 42. Kd1 Qd3+ 43. Kc1 Qc4+ 1/2-1/2

[Event "Late-Titled-Tuesday-Blitz-February-13-2024"]
[Site "Chess.com"]
[Date "2024.02.13"]
[Round "5"]
[White "gahryman"]
[Black "VitaliyBernadskiy"]
[Result "0-1"]
[WhiteElo "2685"]
[BlackElo "2881"]
[TimeControl "180+1"]
[EndTime "14:56:07 PST"]
[Termination "VitaliyBernadskiy won on time"]

1. e4 e5 2. Nf3 Nc6 3. Bc4 Bc5 4. d3 Nf6 5. O-O d6 6. a4 a6 7. c3 Ba7 8. Na3 Ne7 9. Nc2 O-O 10. Be3 Bxe3 11.
Nxe3 Ng6 12. a5 c6 13. Bb3 d5 14. Bc2 Be6 15. Re1 Re8 16. g3 d4 17. Nf1 Bg4 18.
N1d2 Nh5 19. Qe2 Qf6 20. Bd1 dxc3 21. bxc3 Rad8 22. Qf1 Nhf4 23. d4 Ne6 24. Rb1 exd4 25. cxd4 Bxf3 26. Nxf3 Nxd4 27. Nxd4 Rxd4 28. Rxb7 h6 29.
Bb3 Ne5 30. f4 Rd7 31. Rxd7 Nxd7 32. e5 Qd8 33. Qc4 Re7 34. e6 Qxa5 35. exf7+ Kf8 36.
Rxe7 Kxe7 37. Qe6+ Kd8 38. Qe8+ Kc7 39. Be6 Qc5+ 40. Kg2 Nf8 41. Qc8+ Kb6 42. Qb8+ Ka5 0-1

[Event "Late-Titled-Tuesday-Blitz-February-13-2024"]
[Site "Chess.com"]
[Date "2024.02.13"]
[Round "5"]
[White "LLRChess"]
[Black "ACollins05"]
[Result "0-1"]
[WhiteElo "2579"]
[BlackElo "2460"]
[TimeControl "180+1"]
[EndTime "14:56:07 PST"]
[Termination "ACollins05 won on time"]

1. e4 c5 2. Nf3 d6 3. c3 Nf6 4. h3 g6 5. Qc2 Bg7 6. d4 O-O 7. Bd3 Nc6 8. dxc5 dxc5 9. O-O Qc7 10. Na3 a6 11. Nc4 b5 12. Ne3 Bb7 13. a4 c4 14. Be2 Ne5 15. Nxe5 Qxe5 16. f3 Nh5 17. Ng4 Qc7 18. Be3 Rfd8 19. Rfe1 Nf4 20. Bf1 h5 21. Nf2 Rd7 22. axb5 axb5 23. Rxa8+ Bxa8 24. Ra1 Bb7 25. Ra7 Qc8 26. Bxf4 Bxe4 27. Nxe4 Rxa7 28. b3 Ra1 29. Kf2 Qa6 30. Nd2 Ra2 31. Qc1 cxb3 32. Kg3 b2 33. Qb1 Bxc3 34. Ne4 Bg7 35. Nc5 Qa7 36.
Qc2 Ra1 37. Nd7 Qxd7 0-1